 Dungeon Crawl Stone Soup version 0.17.1-2-g5865329 (webtiles) character file.

693 seren the Destroyer (level 7, 0/36 HPs)
             Began as a Deep Elf Conjurer on Feb 1, 2016.
             Was an Initiate of Vehumet.
             Slain by an ice beast (12 damage)
             ... on level 5 of the Dungeon.
             The game lasted 00:57:57 (7245 turns).

seren the Destroyer (Deep Elf Conjurer)             Turns: 7245, Time: 00:57:58

Health: 0/36       AC:  4    Str:  7    XL:     7   Next: 37%
Magic:  7/15       EV: 18    Int: 20    God:    Vehumet [......]
Gold:   247        SH:  0    Dex: 20    Spells: 3 memorised, 6 levels left

rFire  . . .     SeeInvis .     K - staff of air
rCold  . . .     Clarity  .     a - +2 robe
rNeg   . . .     SustAt   .     (no shield)
rPois  .         Gourm    .     (no helmet)
rElec  +         Spirit   .     (no cloak)
rCorr  .         Warding  .     (no gloves)
rMut   .         Stasis   .     (no boots)
MR     .....                    (no amulet)
Stlth  ++........               C - +5 ring of dexterity
                                m - +5 ring of evasion

@: not resistant to hostile enchantments, unstealthy
A: no striking features
a: Renounce Religion


You were on level 5 of the Dungeon.
You worshipped Vehumet.
Vehumet was noncommittal.
You were not hungry.

You visited 2 branches of the dungeon, and saw 7 of its levels.

You collected 247 gold pieces.

Inventory:

Hand Weapons
 r - a +0 mace of holy wrath
 B - a +0 whip
 H - a +0 whip
Missiles
 j - 74 stones (quivered)
Armour
 a - a +2 robe (worn)
Magical Staves
 K - an uncursed staff of air (weapon)
Jewellery
 m - a +5 ring of evasion (left hand)
 w - an uncursed ring of see invisible
 C - a +5 ring of dexterity (right hand)
 G - an uncursed ring of ice
Wands
 t - a wand of flame (10)
 y - a wand of confusion (23)
Scrolls
 i - 2 scrolls of enchant weapon {unknown}
 k - 2 scrolls of magic mapping {unknown}
 l - 3 scrolls of enchant armour
 n - 2 scrolls of identify
 s - 2 scrolls of recharging {unknown}
 u - 2 scrolls of amnesia {unknown}
 v - a scroll of teleportation {unknown}
 x - 2 scrolls of fear {unknown}
 A - 3 scrolls of fog {unknown}
 D - 5 scrolls of remove curse
Potions
 e - a potion of ambrosia {unknown}
 f - 2 potions of brilliance {unknown}
 h - 2 potions of might {unknown}
 o - a potion of cancellation {unknown}
 p - a potion of curing {unknown}
 q - a potion of poison {unknown}
 z - a potion of lignification {unknown}
 E - a potion of magic {unknown}
 I - a potion of haste {unknown}
 J - a potion of mutation {unknown}
 L - a potion of cure mutation {unknown}
Books
 b - a book of Conjurations

   Spells                             Type                      Level
   a - Magic Dart                     Conjuration                  1
   b - Searing Ray                    Conjuration                  2
   c - Dazzling Spray                 Conjuration/Hexes            3
   d - Fulminant Prism                Conjuration/Hexes            4
   e - Iskenderun's Mystic Blast      Conjuration                  4
   f - Iskenderun's Battlesphere      Conjuration/Charms           5
 F - a book of the Sky

   Spells                             Type                      Level
   a - Summon Lightning Spire         Summoning/Air                4
   b - Airstrike                      Air                          4
   c - Silence                        Hexes/Air                    5
   d - Deflect Missiles               Charms/Air                   6
   e - Conjure Ball Lightning         Conjuration/Air              6
   f - Tornado                        Air                          9
Comestibles
 c - 5 bread rations
 g - 6 meat rations


   Skills:
 - Level 2.4 Dodging
 - Level 2.4 Stealth
 - Level 4.0 Spellcasting
 + Level 8.8 Conjurations
 * Level 5.0 Charms


You had 6 spell levels left.
You knew the following spells:

 Your Spells              Type           Power        Failure   Level  Hunger
a - Magic Dart            Conj           ####         1%          1    None
b - Searing Ray           Conj           #####.       1%          2    #......
c - Iskenderun's Battles  Conj/Chrm      ####....     24%         5    ######.


Dungeon Overview and Level Annotations

Branches:
Dungeon (6/15)             Temple (1/1) D:5

Altars:
Cheibriados
Dithmenos
Elyvilon
Fedhas
Gozag
Makhleb
Nemelex Xobeh
Okawaru
Qazlal
Ru
Sif Muna
Trog
Vehumet
Zin
The Shining One

Annotations:
D:5 Grinder, Menkaure
D:6 Sigmund


Message History

The searing ray hits the ice beast.
The ice beast is moderately wounded.
The ice beast hits you but does no damage.
The searing ray hits the ice beast.
The ice beast is heavily wounded.
The ice beast misses you.
The searing ray misses the ice beast.
The ice beast hits you. The ice beast freezes you!
Casting: Searing Ray
Confirm with . or Enter, or press ? or * to list all spells.
Aiming: Searing Ray
Press: ? - help, Shift-Dir - straight line, f/p - ice beast
Aim: an ice beast (heavily wounded)
The searing ray hits the ice beast.
The ice beast is severely wounded.
The ice beast closely misses you.
The searing ray hits the ice beast.
The ice beast is almost dead.
The ice beast hits you. The ice beast freezes you!
You die...

#........# ##.$......
#........# ##........#
#........# ##.........#
#.......## ##..........#
#........#####...........#
###.###.#....#...........#
#.....######.............#
.8...8.# ##........)..#
.......### #....@Y..)...#
..._.....###............#
.......#...............##
.8...8.####..........[[#
#.....## #..........<##
###.### #..........##
##..# #########.## #####
###


You could see an ice beast.

Vanquished Creatures
  An ogre (D:4)
  A wyvern skeleton (D:6)
  A crimson imp (D:6)
  A jelly (D:6)
  A wasp zombie (D:6)
  2 orc priests (D:4)
  A hound (D:4)
  3 worker ants
  Jessica (D:2)
  An iguana (D:4)
  An orc wizard (D:4)
  A hound skeleton (D:4)
  4 gnolls (D:3)
  7 adders
  A shadow imp (D:5)
  3 adder skeletons
  4 giant geckos
  10 orcs
  12 bats
  5 giant cockroaches
  9 hobgoblins
  2 ball pythons
  3 giant newts
  9 goblins
  4 jackals (D:3)
  6 kobolds
  10 rats
104 creatures vanquished.

Notes
Turn   | Place    | Note
--------------------------------------------------------------
     0 | D:1      | seren the Deep Elf Conjurer began the quest for the Orb.
     0 | D:1      | Reached XP level 1. HP: 10/10 MP: 6/6
   493 | D:1      | Reached XP level 2. HP: 15/15 MP: 5/8
  1320 | D:2      | Reached skill level 5 in Conjurations
  1320 | D:2      | Reached XP level 3. HP: 19/19 MP: 6/10
  1493 | D:2      | Found a white marble altar of Elyvilon.
  1719 | D:2      | Noticed Jessica
  1727 | D:2      | Killed Jessica
  1727 | D:2      | Reached XP level 4. HP: 24/24 MP: 8/12
  1830 | D:3      | Reached skill level 6 in Conjurations
  2495 | D:3      | Found a stormy altar of Qazlal.
  2580 | D:3      | Reached XP level 5. HP: 28/28 MP: 6/13
  2775 | D:3      | Learned a level 2 spell: Searing Ray
  3394 | D:4      | Noticed an ogre
  3567 | D:4      | Reached skill level 7 in Conjurations
  4117 | D:4      | Reached XP level 6. HP: 32/32 MP: 10/14
  4590 | D:5      | Entered Level 5 of the Dungeon
  4623 | D:4      | Reached skill level 8 in Conjurations
  4924 | D:5      | Found a blossoming altar of Fedhas.
  4926 | D:5      | Found a staircase to the Ecumenical Temple.
  4938 | Temple   | Entered the Ecumenical Temple
  5075 | Temple   | Became a worshipper of Vehumet
  5239 | D:5      | Noticed Menkaure
  5480 | D:5      | Found an opulent altar of Gozag.
  5546 | D:6      | Found a bloodstained altar of Trog.
  5652 | D:5      | Learned a level 5 spell: Iskenderun's Battlesphere
  5659 | D:5      | Noticed Grinder
  5957 | D:4      | Reached skill level 1 in Charms
  6444 | D:4      | Killed an ogre
  6444 | D:4      | Reached XP level 7. HP: 36/36 MP: 10/15
  6836 | D:6      | Noticed Sigmund
  7142 | D:6      | Reached skill level 5 in Charms
  7245 | D:5      | Slain by an ice beast

Action                   |  1- 3 |  4- 6 |  7- 9 || total
-------------------------+-------+-------+-------++-------
Melee: Mace              |     1 |       |       ||     1
       Staff             |       |     5 |     1 ||     6
Throw: Stone             |       |     2 |       ||     2
 Cast: Magic Dart        |    69 |   128 |    26 ||   223
       Searing Ray       |       |    15 |     6 ||    21
  Use: Scroll            |       |     2 |     1 ||     3
  Eat: Beef jerky        |     1 |     1 |       ||     2
       Chunk             |     1 |     9 |       ||    10
       Pizza             |       |     2 |       ||     2
       Bread ration      |       |     1 |       ||     1
